Oilers vs Stars

Created - January 18, 2017 at 17:17

Goals
1 2 3 T
Oilers 1 3 1 5
Stars 1 0 0 1
Shots
1 2 3 T
Oilers 10 7 17 34
Stars 7 5 9 21

1st period

1. Stars , Evgeni Malkin 12 (Sidney Crosby) at 6:18
2. Oilers , Brad Marchand 29 (Aleksander Barkov, Justin Williams) at 19:44 (PP)

Penalties :
Jonathan Quick (DAL) for Slashing (Minor) at 0:08 - Evgeni Malkin served the penalty., Dainius Zubrus (DAL) for Holding (Minor) at 3:55, Adam Pardy (DAL) for Roughing (Minor) at 9:38, Ryan Getzlaf (EDM) for Holding (Minor) at 14:34, Brandon Manning (DAL) for Slashing (Minor) at 18:38

2nd period

3. Oilers , Brad Marchand 30 (Justin Williams, Mattias Ekholm) at 1:27
4. Oilers , Blake Wheeler 18 (Jannik Hansen, Ryan Getzlaf) at 1:52
5. Oilers , Jannik Hansen 24 (Blake Wheeler) at 18:59

Penalties :
No Penalty

3rd period

6. Oilers , Matt Read 8 (Marco Scandella, Alex Petrovic) at 7:37

Penalties :
Nicklas Grossmann (EDM) for Hooking (Minor) at 3:48, Zdeno Chara (DAL) for Holding (Minor) at 7:41

Goalie Stats

Antti Raanta (EDM), 20 saves from 21 shots - (0.952), W, 5-3-0, 60:00 minutes
Jonathan Quick (DAL), 13 saves from 17 shots - (0.765), L, 23-19-1, 38:59 minutes
Jonas Gustavsson (DAL), 16 saves from 17 shots - (0.941), 21:01 minutes

Players Stats for Oilers

Player Name              G  A  P  +/- PIM S  H  SB GA TA FO     MP     PP MP  PK MP  
------------------------------------------------------------------------------------
Aleksander Barkov        0  1  1   1  0   4  0  0  0  0  14/22  20:00   4:29   0:00 
Alex Petrovic            0  1  1   1  0   1  2  0  0  0  0/0    17:03   0:00   2:10 
Blake Wheeler            1  1  2   2  0   5  0  1  0  0  0/0    17:41   4:33   0:00 
Bo Horvat                0  0  0   1  0   0  0  0  0  0  6/12   11:29   0:00   0:00 
Brad Marchand            2  0  2   1  0   5  2  0  0  0  1/1    20:00   4:29   0:00 
Brian Campbell           0  0  0   1  0   0  0  1  0  0  0/0    19:17   4:32   0:00 
Dominic Moore            0  0  0  -1  0   0  1  0  0  0  1/11    9:05   0:00   2:13 
Jannik Hansen            1  1  2   2  0   8  0  0  0  0  0/1    19:54   4:33   2:13 
Jay Beagle               0  0  0   1  0   0  1  0  0  0  0/4    13:14   0:00   1:45 
Justin Williams          0  2  2   1  0   3  0  0  0  0  0/0    20:00   4:29   0:00 
Marc-Edouard Vlasic      0  0  0   1  0   2  0  3  0  0  0/0    24:23   4:32   1:51 
Marco Scandella          0  1  1   1  0   1  1  1  0  0  0/0    20:29   4:30   1:06 
Matt Read                1  0  1   1  0   1  0  0  0  0  0/0    11:29   0:00   0:00 
Mattias Ekholm           0  1  1   1  0   2  3  2  0  0  0/0    23:59   4:30   2:07 
Michael Grabner          0  0  0  -1  0   0  0  0  0  0  0/0     8:37   0:00   1:45 
Nicklas Grossmann        0  0  0   1  2   0  4  0  0  0  0/0    14:48   0:00   0:42 
Ryan Getzlaf             0  1  1   2  2   2  3  0  0  0  16/23  17:40   4:33   0:00 
Scottie Upshall          0  0  0  -1  0   0  2  0  0  0  0/0     6:52   0:00   0:00 

Players Stats for Stars

Player Name              G  A  P  +/- PIM S  H  SB GA TA FO     MP     PP MP  PK MP  
------------------------------------------------------------------------------------
Adam Pardy               0  0  0  -1  2   0  1  1  0  0  0/0    14:00   0:00   1:16 
Brad Malone              0  0  0   0  0   0  0  1  0  0  0/1     1:37   0:53   0:44 
Brandon Manning          0  0  0  -1  2   0  3  0  0  0  0/0    12:44   0:00   0:00 
Dainius Zubrus           0  0  0  -1  2   4  1  1  0  0  0/1    14:18   0:00   0:00 
Duncan Keith             0  0  0   0  0   0  0  5  0  0  0/0    24:57   2:10   5:03 
Evgeni Malkin            1  0  1  -1  0   2  0  0  0  0  1/1    20:08   1:56   0:00 
Jason Demers             0  0  0  -2  0   1  2  3  0  0  0/0    22:40   2:10   3:59 
John Klingberg           0  0  0  -2  0   2  0  2  0  0  0/0    22:18   1:48   3:59 
John Mitchell            0  0  0  -1  0   1  1  0  0  0  6/16   17:35   0:00   3:16 
Jonathan Huberdeau       0  0  0  -1  0   2  1  0  0  0  0/2    20:48   1:09   5:30 
Mike Richards            0  0  0  -1  0   1  0  0  0  0  0/0    14:19   0:00   0:00 
Nikita Kucherov          0  0  0  -1  0   1  0  0  0  0  0/0    16:25   1:56   0:00 
Nikita Nesterov          0  0  0   0  0   0  0  0  0  0  0/0     0:00   0:00   0:00 
Paul Byron               0  0  0  -1  0   2  0  0  0  0  0/0    18:32   2:02   3:32 
Paul Stastny             0  0  0  -1  0   2  0  0  0  0  21/34  25:36   2:02   5:02 
Shawn Thornton           0  0  0   0  0   0  1  0  0  0  0/0     5:34   0:00   0:00 
Sidney Crosby            0  1  1  -1  0   2  0  0  0  0  8/19   16:05   1:56   0:00 
Zdeno Chara              0  0  0   0  2   1  2  2  0  0  0/0    23:18   1:48   3:47 

3 Stars

1 - Brad Marchand (EDM)
2 - Blake Wheeler (EDM)
3 - Jannik Hansen (EDM)

Power Play

Oilers - 1 on 5 Attempt(s) - 20.00%
Stars - 0 on 2 Attempt(s) - 0.00%

Penalty Kill

Oilers - 2 on 2 Attempt(s) - 100.00% - Score 0 goal in Penalty Kill
Stars - 4 on 5 Attempt(s) - 80.00% - Score 0 goal in Penalty Kill

Team Stat

Oilers - Hits : 19 - Faceoff Wins : 38 - Blocked Shots : 8 - Penalty Minutes : 4
Stars - Hits : 12 - Faceoff Wins : 36 - Blocked Shots : 15 - Penalty Minutes : 10

Official

Referees : Mike Leggo and Francois StLaurent
Linesman : Steve Barton and Thor Nelson

Game Notes

Jonas Gustavsson enters game at 18:59 of 2nd period

Finance

Level 1 -- Attendance: 2787 (46.45%) -- Ticket Income $613,140
Level 2 -- Attendance: 2026 (40.52%) -- Ticket Income $324,160
Level 3 -- Attendance: 1228 (61.40%) -- Ticket Income $159,640
Level 4 -- Attendance: 1029 (22.71%) -- Ticket Income $102,900
Luxury Box -- Attendance: 396 (39.60%) -- Ticket Income $158,400
Game was played at the American Airlines Center.
Total Attendance: 7466 (40.29%)
Total Ticket Income: $1,358,240
Other Income: $203,736
Total Income: $1,561,976

% Time on Ice - Oilers

Lines # - Real PCT - Wanted PCT - Time Play
Normal Forward
1 - 33% - 34% - 15:31
2 - 28% - 29% - 13:08
3 - 24% - 27% - 11:29
4 - 15% - 10% - 6:52
Normal Defense
1 - 37% - 38% - 17:22
2 - 32% - 32% - 14:53
3 - 30% - 30% - 14:07
4 - 1% - 0% - 0:38
PP Forward
1 - 50% - 50% - 4:29
2 - 50% - 50% - 4:33
PP Defense
1 - 50% - 50% - 4:32
2 - 50% - 50% - 4:30
PK Forward
1 - 44% - 50% - 1:45
2 - 56% - 50% - 2:13
PK Defense
1 - 47% - 50% - 1:51
2 - 53% - 50% - 2:07
PK3 Forward
1 - 0% - 50%
2 - 0% - 50%
PK3 Defense
1 - 0% - 50%
2 - 0% - 50%
44 Forward
1 - 0% - 60%
2 - 0% - 40%
44 Defense
1 - 0% - 50%
2 - 0% - 50%
Last Minute Offensive  - 0:00
Last Minute Defensive  - 0:00
Total
Forward - 60:00
Defense - 60:00

% Time on Ice - Stars

Lines # - Real PCT - Wanted PCT - Time Play
Normal Forward
1 - 30% - 33% - 14:09
2 - 28% - 33% - 12:58
3 - 30% - 17% - 14:19
4 - 12% - 17% - 5:34
Normal Defense
1 - 31% - 35% - 14:28
2 - 35% - 35% - 16:31
3 - 27% - 15% - 12:45
4 - 7% - 15% - 3:16
PP Forward
1 - 49% - 55% - 1:56
2 - 51% - 45% - 2:02
PP Defense
1 - 55% - 50% - 2:10
2 - 45% - 50% - 1:48
PK Forward
1 - 64% - 60% - 5:46
2 - 36% - 40% - 3:16
PK Defense
1 - 56% - 50% - 5:03
2 - 44% - 50% - 3:59
PK3 Forward
1 - 0% - 55%
2 - 0% - 45%
PK3 Defense
1 - 0% - 50%
2 - 0% - 50%
44 Forward
1 - 0% - 50%
2 - 0% - 50%
44 Defense
1 - 0% - 50%
2 - 0% - 50%
Last Minute Offensive  - 0:00
Last Minute Defensive  - 0:00
Total
Forward - 60:00
Defense - 60:00

Play by Play

1st period


0:01 of 1st period - Aleksander Barkov wins face-off versus Sidney Crosby in neutral zone.
0:06 of 1st period - Shot by Aleksander Barkov.
0:06 of 1st period - Shot Misses the Net.
0:08 of 1st period - Shot by Marc-Edouard Vlasic.
0:08 of 1st period - Stopped by Jonathan Quick without a rebound.
0:08 of 1st period - Minor Penalty to Jonathan Quick for Slashing.
0:09 of 1st period - Aleksander Barkov wins face-off versus Paul Stastny in Stars zone.
0:18 of 1st period - Shot by Justin Williams.
0:18 of 1st period - Shot Misses the Net.
0:20 of 1st period - Shot by Brad Marchand.
0:20 of 1st period - Shot Misses the Net.
0:22 of 1st period - Shot by Brad Marchand.
0:22 of 1st period - Shot Misses the Net.
0:24 of 1st period - Shot by Aleksander Barkov.
0:24 of 1st period - Shot Misses the Net.
0:48 of 1st period - Shot by Justin Williams.
0:48 of 1st period - Stopped by Jonathan Quick without a rebound.
0:49 of 1st period - Ryan Getzlaf wins face-off versus John Mitchell in Stars zone.
0:56 of 1st period - Shot by Jannik Hansen.
0:56 of 1st period - Stopped by Jonathan Quick without a rebound.
0:57 of 1st period - Ryan Getzlaf wins face-off versus John Mitchell in Stars zone.
1:26 of 1st period - Shot by Mattias Ekholm.
1:26 of 1st period - Stopped by Jonathan Quick with a rebound.
1:41 of 1st period - Shot by Marco Scandella.
1:41 of 1st period - Shot Misses the Net.
2:10 of 1st period - Icing by Justin Williams.
2:11 of 1st period - Bo Horvat wins face-off versus Paul Stastny in Oilers zone.
2:33 of 1st period - Shot by Paul Stastny.
2:33 of 1st period - Shot Misses the Net.
2:35 of 1st period - Shot by Evgeni Malkin.
2:35 of 1st period - Shot Misses the Net.
2:50 of 1st period - Shot by Evgeni Malkin.
2:50 of 1st period - Shot Blocked by Brian Campbell.
3:13 of 1st period - Icing by Jason Demers.
3:14 of 1st period - John Mitchell wins face-off versus Jannik Hansen in Stars zone.
3:38 of 1st period - Icing by Jason Demers.
3:39 of 1st period - Aleksander Barkov wins face-off versus John Mitchell in Stars zone.
3:55 of 1st period - Minor Penalty to Dainius Zubrus for Holding.
3:56 of 1st period - Paul Stastny wins face-off versus Ryan Getzlaf in Stars zone.
4:35 of 1st period - John Klingberg is hit by Ryan Getzlaf and loses puck.
5:02 of 1st period - Shot by Aleksander Barkov.
5:02 of 1st period - Stopped by Jonathan Quick without a rebound.
5:03 of 1st period - Aleksander Barkov wins face-off versus John Mitchell in Stars zone.
5:10 of 1st period - Shot by Brad Marchand.
5:10 of 1st period - Shot Misses the Net.
5:26 of 1st period - Shot by John Mitchell.
5:26 of 1st period - Stopped by Antti Raanta with a rebound.
5:28 of 1st period - Shot by Paul Byron.
5:28 of 1st period - Deflect By John Mitchell.
5:28 of 1st period - Shot Misses the Net.
6:18 of 1st period - Shot by Evgeni Malkin.
6:18 of 1st period - Goal by Evgeni Malkin - Oilers : 0 - Stars : 1.
6:19 of 1st period - Paul Stastny wins face-off versus Ryan Getzlaf in neutral zone.
6:48 of 1st period - Shot by Blake Wheeler.
6:48 of 1st period - Shot Misses the Net.
7:15 of 1st period - Icing by Duncan Keith.
7:16 of 1st period - John Mitchell wins face-off versus Aleksander Barkov in Stars zone.
7:16 of 1st period - John Mitchell is hit by Brad Marchand.
7:40 of 1st period - Shot by Brad Marchand.
7:40 of 1st period - Shot Hit the Post.
8:19 of 1st period - Shot by Nikita Kucherov.
8:19 of 1st period - Shot Misses the Net.
8:41 of 1st period - John Klingberg is hit by Nicklas Grossmann and loses puck.
8:51 of 1st period - Nikita Kucherov is hit by Nicklas Grossmann and loses puck.
9:15 of 1st period - Sidney Crosby is hit by Mattias Ekholm and loses puck.
9:21 of 1st period - Mattias Ekholm is hit by Brandon Manning and loses puck.
9:37 of 1st period - Ryan Getzlaf is hit by Brandon Manning and loses puck.
9:38 of 1st period - Minor Penalty to Adam Pardy for Roughing.
9:39 of 1st period - Paul Stastny wins face-off versus Aleksander Barkov in Stars zone.
9:54 of 1st period - Shot by Justin Williams.
9:54 of 1st period - Stopped by Jonathan Quick without a rebound.
9:55 of 1st period - Ryan Getzlaf wins face-off versus Paul Stastny in Stars zone.
9:56 of 1st period - Shot by Blake Wheeler.
9:56 of 1st period - Shot Misses the Net.
10:18 of 1st period - Icing by Blake Wheeler.
10:19 of 1st period - Ryan Getzlaf wins face-off versus John Mitchell in Oilers zone.
10:38 of 1st period - Jonathan Huberdeau is hit by Ryan Getzlaf and loses puck.
11:11 of 1st period - Shot by Aleksander Barkov.
11:11 of 1st period - Shot Blocked by Jason Demers.
11:21 of 1st period - Shot by Marco Scandella.
11:21 of 1st period - Deflect By Brad Marchand.
11:21 of 1st period - Stopped by Jonathan Quick without a rebound.
11:22 of 1st period - Paul Stastny wins face-off versus Aleksander Barkov in Stars zone.
11:47 of 1st period - Shot by Dainius Zubrus.
11:47 of 1st period - Stopped by Antti Raanta without a rebound.
11:48 of 1st period - Paul Stastny wins face-off versus Dominic Moore in Oilers zone.
12:36 of 1st period - Icing by Marco Scandella.
12:37 of 1st period - John Mitchell wins face-off versus Dominic Moore in Oilers zone.
12:43 of 1st period - Mike Richards is hit by Alex Petrovic and loses puck.
13:06 of 1st period - Shot by Dainius Zubrus.
13:06 of 1st period - Stopped by Antti Raanta without a rebound.
13:07 of 1st period - Aleksander Barkov wins face-off versus Jonathan Huberdeau in Oilers zone.
14:34 of 1st period - Minor Penalty to Ryan Getzlaf for Holding.
14:35 of 1st period - Paul Stastny wins face-off versus Jay Beagle in Oilers zone.
14:48 of 1st period - Shot by Jason Demers.
14:48 of 1st period - Stopped by Antti Raanta without a rebound.
14:49 of 1st period - Paul Stastny wins face-off versus Jay Beagle in Oilers zone.
15:25 of 1st period - Shot by Paul Stastny.
15:25 of 1st period - Deflect By Brad Malone.
15:25 of 1st period - Shot Blocked by Marc-Edouard Vlasic.
15:27 of 1st period - Shot by John Klingberg.
15:27 of 1st period - Stopped by Antti Raanta without a rebound.
15:28 of 1st period - Sidney Crosby wins face-off versus Dominic Moore in Oilers zone.
16:51 of 1st period - Shot by Justin Williams.
16:51 of 1st period - Shot Misses the Net.
16:53 of 1st period - Shot by Marc-Edouard Vlasic.
16:53 of 1st period - Shot Misses the Net.
16:55 of 1st period - Shot by Aleksander Barkov.
16:55 of 1st period - Stopped by Jonathan Quick without a rebound.
16:56 of 1st period - Paul Stastny wins face-off versus Bo Horvat in Stars zone.
17:07 of 1st period - Shot by Jay Beagle.
17:07 of 1st period - Deflect By Matt Read.
17:07 of 1st period - Shot Misses the Net.
18:10 of 1st period - Shot by Justin Williams.
18:10 of 1st period - Shot Misses the Net.
18:12 of 1st period - Shot by Brad Marchand.
18:12 of 1st period - Shot Misses the Net.
18:37 of 1st period - Aleksander Barkov is hit by Brandon Manning and loses puck.
18:38 of 1st period - Minor Penalty to Brandon Manning for Slashing.
18:39 of 1st period - Ryan Getzlaf wins face-off versus Paul Stastny in Stars zone.
19:12 of 1st period - Shot by Mattias Ekholm.
19:12 of 1st period - Shot Misses the Net.
19:16 of 1st period - Shot by Blake Wheeler.
19:16 of 1st period - Stopped by Jonathan Quick without a rebound.
19:17 of 1st period - Aleksander Barkov wins face-off versus Brad Malone in Stars zone.
19:28 of 1st period - Shot by Aleksander Barkov.
19:28 of 1st period - Shot Blocked by John Klingberg.
19:40 of 1st period - Shot by Aleksander Barkov.
19:40 of 1st period - Shot Blocked by Brad Malone.
19:42 of 1st period - Shot by Justin Williams.
19:42 of 1st period - Shot Blocked by Jason Demers.
19:44 of 1st period - Shot by Aleksander Barkov.
19:44 of 1st period - Deflect By Brad Marchand.
19:44 of 1st period - Goal by Brad Marchand - Oilers : 1 - Stars : 1.
19:45 of 1st period - Bo Horvat wins face-off versus John Mitchell in neutral zone.
19:55 of 1st period - Shot by Dainius Zubrus.
19:55 of 1st period - Stopped by Antti Raanta without a rebound.
19:56 of 1st period - Ryan Getzlaf wins face-off versus Paul Stastny in Oilers zone.
Goals for this period are 1 for Oilers vs 1 for Stars.
Shots for this period are 10 for Oilers vs 7 for Stars.

2nd period


0:01 of 2nd period - Paul Stastny wins face-off versus Aleksander Barkov in neutral zone.
0:23 of 2nd period - Shot by Nikita Kucherov.
0:23 of 2nd period - Shot Blocked by Mattias Ekholm.
0:25 of 2nd period - Shot by Paul Stastny.
0:25 of 2nd period - Shot Blocked by Marc-Edouard Vlasic.
0:27 of 2nd period - Shot by Duncan Keith.
0:27 of 2nd period - Shot Blocked by Marc-Edouard Vlasic.
0:29 of 2nd period - Shot by Duncan Keith.
0:29 of 2nd period - Shot Misses the Net.
0:31 of 2nd period - Shot by Paul Byron.
0:31 of 2nd period - Stopped by Antti Raanta without a rebound.
0:32 of 2nd period - Ryan Getzlaf wins face-off versus Sidney Crosby in Oilers zone.
1:00 of 2nd period - Shot by Sidney Crosby.
1:00 of 2nd period - Shot Hit the Post.
1:02 of 2nd period - Shot by Sidney Crosby.
1:02 of 2nd period - Stopped by Antti Raanta without a rebound.
1:03 of 2nd period - Aleksander Barkov wins face-off versus Paul Stastny in Oilers zone.
1:25 of 2nd period - Shot by Justin Williams.
1:25 of 2nd period - Shot Misses the Net.
1:27 of 2nd period - Shot by Brad Marchand.
1:27 of 2nd period - Goal by Brad Marchand - Oilers : 2 - Stars : 1.
1:28 of 2nd period - Ryan Getzlaf wins face-off versus Sidney Crosby in neutral zone.
1:48 of 2nd period - Shot by Jannik Hansen.
1:48 of 2nd period - Stopped by Jonathan Quick with a rebound.
1:50 of 2nd period - Shot by Jannik Hansen.
1:50 of 2nd period - Deflect By Blake Wheeler.
1:50 of 2nd period - Shot Misses the Net.
1:52 of 2nd period - Shot by Blake Wheeler.
1:52 of 2nd period - Goal by Blake Wheeler - Oilers : 3 - Stars : 1.
1:53 of 2nd period - Aleksander Barkov wins face-off versus Paul Stastny in neutral zone.
2:18 of 2nd period - Brad Marchand is hit by Zdeno Chara and loses puck.
3:47 of 2nd period - Shot by Blake Wheeler.
3:47 of 2nd period - Shot Misses the Net.
4:05 of 2nd period - Shot by Bo Horvat.
4:05 of 2nd period - Shot Misses the Net.
4:28 of 2nd period - Icing by Brian Campbell.
4:29 of 2nd period - Paul Stastny wins face-off versus Jay Beagle in Oilers zone.
5:35 of 2nd period - Shot by Mike Richards.
5:35 of 2nd period - Stopped by Antti Raanta without a rebound.
5:36 of 2nd period - Brad Marchand wins face-off versus John Mitchell in Oilers zone.
6:35 of 2nd period - Shot by Evgeni Malkin.
6:35 of 2nd period - Shot Misses the Net.
7:13 of 2nd period - Alex Petrovic is hit by Jonathan Huberdeau and loses puck.
7:59 of 2nd period - Icing by Jason Demers.
8:00 of 2nd period - Bo Horvat wins face-off versus Sidney Crosby in Stars zone.
8:05 of 2nd period - Icing by John Klingberg.
8:06 of 2nd period - Sidney Crosby wins face-off versus Bo Horvat in Stars zone.
8:06 of 2nd period - Sidney Crosby is hit by Jay Beagle.
8:25 of 2nd period - Off-side.
8:26 of 2nd period - Paul Stastny wins face-off versus Dominic Moore in neutral zone.
8:39 of 2nd period - Shot by Paul Stastny.
8:39 of 2nd period - Shot Misses the Net.
9:19 of 2nd period - Brian Campbell is hit by Dainius Zubrus and loses puck.
9:50 of 2nd period - Dainius Zubrus is hit by Ryan Getzlaf and loses puck.
10:01 of 2nd period - Shot by Marc-Edouard Vlasic.
10:01 of 2nd period - Stopped by Jonathan Quick with a rebound.
10:03 of 2nd period - Shot by Jannik Hansen.
10:03 of 2nd period - Stopped by Jonathan Quick without a rebound.
10:04 of 2nd period - Paul Stastny wins face-off versus Aleksander Barkov in Stars zone.
10:04 of 2nd period - Paul Stastny is hit by Brad Marchand.
10:19 of 2nd period - Shot by Paul Stastny.
10:19 of 2nd period - Shot Misses the Net.
10:21 of 2nd period - Shot by Paul Stastny.
10:21 of 2nd period - Shot Misses the Net.
11:11 of 2nd period - Off-side.
11:12 of 2nd period - Ryan Getzlaf wins face-off versus John Mitchell in neutral zone.
11:38 of 2nd period - Shot by Blake Wheeler.
11:38 of 2nd period - Shot Blocked by Dainius Zubrus.
12:20 of 2nd period - Shot by Matt Read.
12:20 of 2nd period - Shot Blocked by Zdeno Chara.
12:47 of 2nd period - Shot by John Klingberg.
12:47 of 2nd period - Deflect By Evgeni Malkin.
12:47 of 2nd period - Shot Misses the Net.
12:49 of 2nd period - Shot by John Klingberg.
12:49 of 2nd period - Shot Misses the Net.
13:06 of 2nd period - Michael Grabner is hit by Jason Demers and loses puck.
14:04 of 2nd period - Icing by Brad Marchand.
14:05 of 2nd period - Paul Stastny wins face-off versus Aleksander Barkov in Oilers zone.
14:07 of 2nd period - Evgeni Malkin is hit by Mattias Ekholm and loses puck.
14:13 of 2nd period - Off-side.
14:14 of 2nd period - Ryan Getzlaf wins face-off versus Paul Stastny in neutral zone.
14:31 of 2nd period - Shot by Nikita Kucherov.
14:31 of 2nd period - Stopped by Antti Raanta with a rebound.
15:04 of 2nd period - Icing by Jason Demers.
15:05 of 2nd period - Evgeni Malkin wins face-off versus Bo Horvat in Stars zone.
15:12 of 2nd period - Shot by Sidney Crosby.
15:12 of 2nd period - Shot Misses the Net.
15:59 of 2nd period - Shot by Mike Richards.
15:59 of 2nd period - Shot Hit the Post.
17:00 of 2nd period - Brad Marchand is hit by Zdeno Chara and loses puck.
17:11 of 2nd period - Shot by Jannik Hansen.
17:11 of 2nd period - Shot Misses the Net.
17:13 of 2nd period - Shot by Jannik Hansen.
17:13 of 2nd period - Shot Misses the Net.
17:15 of 2nd period - Shot by Marc-Edouard Vlasic.
17:15 of 2nd period - Shot Blocked by Duncan Keith.
17:17 of 2nd period - Shot by Ryan Getzlaf.
17:17 of 2nd period - Stopped by Jonathan Quick without a rebound.
17:18 of 2nd period - Sidney Crosby wins face-off versus Dominic Moore in Stars zone.
17:18 of 2nd period - Sidney Crosby is hit by Scottie Upshall.
17:44 of 2nd period - Shot by Evgeni Malkin.
17:44 of 2nd period - Stopped by Antti Raanta with a rebound.
18:00 of 2nd period - Sidney Crosby is hit by Dominic Moore and loses puck.
18:59 of 2nd period - Shot by Jannik Hansen.
18:59 of 2nd period - Goal by Jannik Hansen - Oilers : 4 - Stars : 1.
18:59 of 2nd period - Jonas Gustavsson enters game.
19:00 of 2nd period - Paul Stastny wins face-off versus Ryan Getzlaf in neutral zone.
Goals for this period are 3 for Oilers vs 0 for Stars.
Shots for this period are 7 for Oilers vs 5 for Stars.

3rd period


0:01 of 3rd period - Aleksander Barkov wins face-off versus Paul Stastny in neutral zone.
0:24 of 3rd period - Shot by Aleksander Barkov.
0:24 of 3rd period - Shot Blocked by Zdeno Chara.
0:26 of 3rd period - Shot by Aleksander Barkov.
0:26 of 3rd period - Shot Blocked by Duncan Keith.
0:28 of 3rd period - Shot by Justin Williams.
0:28 of 3rd period - Stopped by Jonas Gustavsson without a rebound.
0:29 of 3rd period - Bo Horvat wins face-off versus Jonathan Huberdeau in Stars zone.
0:41 of 3rd period - Evgeni Malkin is hit by Nicklas Grossmann.
0:54 of 3rd period - Sidney Crosby is hit by Nicklas Grossmann and loses puck.
0:59 of 3rd period - Shot by Jonathan Huberdeau.
0:59 of 3rd period - Shot Misses the Net.
1:50 of 3rd period - Shot by Aleksander Barkov.
1:50 of 3rd period - Stopped by Jonas Gustavsson without a rebound.
1:51 of 3rd period - Ryan Getzlaf wins face-off versus John Mitchell in Stars zone.
1:54 of 3rd period - Shot by Jannik Hansen.
1:54 of 3rd period - Stopped by Jonas Gustavsson without a rebound.
1:55 of 3rd period - Ryan Getzlaf wins face-off versus Dainius Zubrus in Stars zone.
2:25 of 3rd period - Ryan Getzlaf is hit by Adam Pardy and loses puck.
3:15 of 3rd period - Shot by Nikita Kucherov.
3:15 of 3rd period - Deflect By Paul Stastny.
3:15 of 3rd period - Stopped by Antti Raanta without a rebound.
3:16 of 3rd period - Bo Horvat wins face-off versus Sidney Crosby in Oilers zone.
3:33 of 3rd period - Icing by Brian Campbell.
3:34 of 3rd period - Paul Stastny wins face-off versus Bo Horvat in Oilers zone.
3:48 of 3rd period - Minor Penalty to Nicklas Grossmann for Hooking.
3:49 of 3rd period - Sidney Crosby wins face-off versus Dominic Moore in Oilers zone.
3:59 of 3rd period - Icing by Evgeni Malkin.
4:00 of 3rd period - Sidney Crosby wins face-off versus Dominic Moore in Stars zone.
4:05 of 3rd period - Shot by Evgeni Malkin.
4:05 of 3rd period - Shot Blocked by Marco Scandella.
5:12 of 3rd period - Icing by Paul Stastny.
5:13 of 3rd period - Paul Stastny wins face-off versus Dominic Moore in Stars zone.
5:20 of 3rd period - Shot by John Klingberg.
5:20 of 3rd period - Stopped by Antti Raanta without a rebound.
5:21 of 3rd period - Paul Stastny wins face-off versus Jay Beagle in Oilers zone.
5:21 of 3rd period - Paul Stastny is hit by Alex Petrovic.
5:33 of 3rd period - Shot by Zdeno Chara.
5:33 of 3rd period - Stopped by Antti Raanta without a rebound.
5:34 of 3rd period - Dominic Moore wins face-off versus Sidney Crosby in Oilers zone.
6:01 of 3rd period - Shot by John Mitchell.
6:01 of 3rd period - Deflect By Dainius Zubrus.
6:01 of 3rd period - Stopped by Antti Raanta without a rebound.
6:02 of 3rd period - Sidney Crosby wins face-off versus Ryan Getzlaf in Oilers zone.
6:11 of 3rd period - Shot by Evgeni Malkin.
6:11 of 3rd period - Shot Misses the Net.
6:13 of 3rd period - Shot by Duncan Keith.
6:13 of 3rd period - Shot Blocked by Blake Wheeler.
6:19 of 3rd period - Shot by Jonathan Huberdeau.
6:19 of 3rd period - Stopped by Antti Raanta without a rebound.
6:20 of 3rd period - Aleksander Barkov wins face-off versus Paul Stastny in Oilers zone.
6:43 of 3rd period - Shot by Aleksander Barkov.
6:43 of 3rd period - Stopped by Jonas Gustavsson without a rebound.
6:44 of 3rd period - Ryan Getzlaf wins face-off versus Sidney Crosby in Stars zone.
6:52 of 3rd period - Icing by Jonathan Huberdeau.
6:53 of 3rd period - Sidney Crosby wins face-off versus Bo Horvat in Stars zone.
7:00 of 3rd period - Shot by Jonathan Huberdeau.
7:00 of 3rd period - Stopped by Antti Raanta without a rebound.
7:01 of 3rd period - Paul Stastny wins face-off versus Aleksander Barkov in Oilers zone.
7:08 of 3rd period - Shot by Nikita Kucherov.
7:08 of 3rd period - Shot Blocked by Mattias Ekholm.
7:18 of 3rd period - Shot by Paul Stastny.
7:18 of 3rd period - Stopped by Antti Raanta without a rebound.
7:19 of 3rd period - Sidney Crosby wins face-off versus Bo Horvat in Oilers zone.
7:19 of 3rd period - Sidney Crosby is hit by Marco Scandella.
7:35 of 3rd period - Shot by Matt Read.
7:35 of 3rd period - Shot Blocked by Jason Demers.
7:37 of 3rd period - Shot by Matt Read.
7:37 of 3rd period - Goal by Matt Read - Oilers : 5 - Stars : 1.
7:38 of 3rd period - Aleksander Barkov wins face-off versus Paul Stastny in neutral zone.
7:41 of 3rd period - Shot by Brad Marchand.
7:41 of 3rd period - Stopped by Jonas Gustavsson without a rebound.
7:41 of 3rd period - Minor Penalty to Zdeno Chara for Holding.
7:42 of 3rd period - Aleksander Barkov wins face-off versus Paul Stastny in Stars zone.
8:19 of 3rd period - Shot by Justin Williams.
8:19 of 3rd period - Shot Blocked by Duncan Keith.
8:21 of 3rd period - Shot by Brad Marchand.
8:21 of 3rd period - Deflect By Aleksander Barkov.
8:21 of 3rd period - Shot Blocked by Duncan Keith.
8:27 of 3rd period - Shot by Brad Marchand.
8:27 of 3rd period - Shot Blocked by Duncan Keith.
8:45 of 3rd period - Shot by Blake Wheeler.
8:45 of 3rd period - Shot Blocked by Adam Pardy.
8:47 of 3rd period - Shot by Marco Scandella.
8:47 of 3rd period - Stopped by Jonas Gustavsson with a rebound.
8:49 of 3rd period - Shot by Mattias Ekholm.
8:49 of 3rd period - Shot Misses the Net.
8:51 of 3rd period - Shot by Blake Wheeler.
8:51 of 3rd period - Stopped by Jonas Gustavsson with a rebound.
8:53 of 3rd period - Shot by Mattias Ekholm.
8:53 of 3rd period - Stopped by Jonas Gustavsson without a rebound.
8:54 of 3rd period - John Mitchell wins face-off versus Ryan Getzlaf in Stars zone.
9:49 of 3rd period - Shot by Jay Beagle.
9:49 of 3rd period - Shot Misses the Net.
10:46 of 3rd period - Marc-Edouard Vlasic is hit by Jason Demers and loses puck.
11:32 of 3rd period - Mattias Ekholm is hit by Shawn Thornton and loses puck.
11:57 of 3rd period - Shot by Blake Wheeler.
11:57 of 3rd period - Stopped by Jonas Gustavsson with a rebound.
11:59 of 3rd period - Shot by Jannik Hansen.
11:59 of 3rd period - Deflect By Blake Wheeler.
11:59 of 3rd period - Shot Blocked by John Klingberg.
12:01 of 3rd period - Shot by Alex Petrovic.
12:01 of 3rd period - Stopped by Jonas Gustavsson with a rebound.
12:03 of 3rd period - Shot by Jannik Hansen.
12:03 of 3rd period - Stopped by Jonas Gustavsson without a rebound.
12:04 of 3rd period - John Mitchell wins face-off versus Dominic Moore in Stars zone.
12:50 of 3rd period - Icing by Duncan Keith.
12:51 of 3rd period - Ryan Getzlaf wins face-off versus Sidney Crosby in Stars zone.
12:52 of 3rd period - Shot by Blake Wheeler.
12:52 of 3rd period - Stopped by Jonas Gustavsson without a rebound.
12:53 of 3rd period - Ryan Getzlaf wins face-off versus Sidney Crosby in Stars zone.
12:56 of 3rd period - Shot by Jannik Hansen.
12:56 of 3rd period - Stopped by Jonas Gustavsson without a rebound.
12:57 of 3rd period - Ryan Getzlaf wins face-off versus Sidney Crosby in Stars zone.
13:00 of 3rd period - Shot by Jannik Hansen.
13:00 of 3rd period - Stopped by Jonas Gustavsson with a rebound.
13:14 of 3rd period - Shot by Sidney Crosby.
13:14 of 3rd period - Stopped by Antti Raanta with a rebound.
13:16 of 3rd period - Shot by Adam Pardy.
13:16 of 3rd period - Shot Misses the Net.
13:18 of 3rd period - Shot by Jonathan Huberdeau.
13:18 of 3rd period - Shot Misses the Net.
14:09 of 3rd period - Shot by Brad Marchand.
14:09 of 3rd period - Stopped by Jonas Gustavsson without a rebound.
14:10 of 3rd period - Bo Horvat wins face-off versus Paul Stastny in Stars zone.
14:41 of 3rd period - Shot by Paul Stastny.
14:41 of 3rd period - Deflect By Paul Byron.
14:41 of 3rd period - Stopped by Antti Raanta without a rebound.
14:42 of 3rd period - Aleksander Barkov wins face-off versus John Mitchell in Oilers zone.
14:42 of 3rd period - Brad Marchand is hit by John Mitchell and loses puck.
15:00 of 3rd period - Shot by Brad Marchand.
15:00 of 3rd period - Shot Misses the Net.
15:39 of 3rd period - Icing by Marc-Edouard Vlasic.
15:40 of 3rd period - Paul Stastny wins face-off versus Aleksander Barkov in Oilers zone.
15:52 of 3rd period - Paul Stastny is hit by Mattias Ekholm and loses puck.
18:21 of 3rd period - Off-side.
18:22 of 3rd period - Paul Stastny wins face-off versus Ryan Getzlaf in neutral zone.
18:33 of 3rd period - Shot by Jannik Hansen.
18:33 of 3rd period - Shot Misses the Net.
18:37 of 3rd period - Shot by Ryan Getzlaf.
18:37 of 3rd period - Stopped by Jonas Gustavsson without a rebound.
18:38 of 3rd period - John Mitchell wins face-off versus Dominic Moore in Stars zone.
18:38 of 3rd period - John Mitchell is hit by Scottie Upshall.
19:01 of 3rd period - Off-side.
19:02 of 3rd period - Paul Stastny wins face-off versus Ryan Getzlaf in neutral zone.
19:48 of 3rd period - Off-side.
19:49 of 3rd period - Aleksander Barkov wins face-off versus Sidney Crosby in neutral zone.
Goals for this period are 1 for Oilers vs 0 for Stars.
Shots for this period are 17 for Oilers vs 9 for Stars.